 Dungeon Crawl Stone Soup version 0.27.1-34-g3ba077fa99 (webtiles) character file.

Game seed: 674253183257810900

36930 hawla the Cruncher (level 13, -1/104 HPs)
             Began as a Red Draconian Conjurer on Jan 23, 2022.
             Was an Elder of Vehumet.
             Slain by a manticore (6 damage)
             ... on level 14 of the Dungeon on Jan 24, 2022.
             The game lasted 01:26:02 (21674 turns).

hawla the Cruncher (Red Draconian Conjurer)        Turns: 21674, Time: 01:26:03

Health: -1/104     AC: 14    Str: 16    XL:     13   Next: 55%
Magic:  12/27      EV: 12    Int: 23    God:    Vehumet [****..]
Gold:   1208       SH:  0    Dex: 10    Spells: 9/32 levels left

rFire    + + .     SeeInvis +   z - staff of fire
rCold    . . .     Faith    .   I - +1 buckler
rNeg     . . .     Spirit   .   (armour unavailable)
rPois    .         Reflect  .   (helmet restricted)
rElec    .         Harm     .   (no cloak)
rCorr    .         Rampage  .   q - +2 pair of gloves
Will     .....                  h - +2 pair of boots
Stlth    +.........             x - amulet of magic regeneration
HPRegen  0.27/turn              y - +6 ring of strength
MPRegen  0.45/turn              L - ring of see invisible

@: confused, ambrosia-drunk, spiked, flying, very slightly contaminated,
studying Dodging
A: breathe fire, AC +8, unfitting armour, fire resistance 1, cold-blooded,
antennae 1, big wings, hooves 1
a: Breathe Fire, Renounce Religion


You were on level 14 of the Dungeon.
You worshipped Vehumet.
Vehumet was greatly pleased with you.
You visited 2 branches of the dungeon, and saw 15 of its levels.
You also visited: Sewer and Ossuary.

You collected 1208 gold pieces.

Inventory:

Hand Weapons
 m - a +3 short sword of venom
 w - a +0 lajatang
Missiles
 b - 63 poisoned darts (quivered)
 f - 3 javelins
 o - 13 boomerangs
 B - 5 curare-tipped darts
Armour
 h - a +2 pair of boots (worn)
 q - a +2 pair of gloves (worn)
 I - a +1 buckler (worn)
Magical Staves
 j - a staff of cold
 z - a staff of fire (weapon)
Jewellery
 d - a ring of willpower
 x - an amulet of magic regeneration (around neck)
 y - a +6 ring of strength (left hand)
 F - a ring of protection from fire
 L - a ring of see invisible (right hand)
Wands
 e - a wand of digging (12)
 n - a wand of flame (53)
 H - a wand of charming (9)
 J - a wand of acid (3)
 M - a wand of iceblast (21)
 N - a wand of polymorph (10)
Scrolls
 l - 3 scrolls of teleportation
 r - 3 scrolls of blinking
 s - 2 scrolls of fog
 C - 3 scrolls of enchant weapon
 D - a scroll of identify
Potions
 a - 4 potions of might
 c - 3 potions of flight
 g - a potion of mutation
 i - 4 potions of haste
 p - 2 potions of lignification
 t - 2 potions of berserk rage
 u - a potion of ambrosia
 v - 3 potions of curing
 E - a potion of brilliance
 K - a potion of cancellation
Miscellaneous
 G - a tin of tremorstones (2/2)


   Skills:
 - Level 6.7 Fighting
 - Level 1.5 Short Blades
 - Level 0.6(7.3) Polearms
 + Level 11.4 Staves
 - Level 6.0 Throwing
 - Level 4.0 Dodging
 - Level 2.6 Stealth
 - Level 4.0 Shields
 - Level 10.0 Spellcasting
 - Level 8.1 Conjurations
 - Level 4.0 Necromancy
 - Level 7.1 Translocations
 - Level 4.0 Transmutations
 - Level 6.0 Fire Magic
 - Level 6.0 Earth Magic
 - Level 4.0 Poison Magic
 - Level 2.0 Evocations


You had 9 spell levels left.
You knew the following spells:

 Your Spells              Type           Power      Damage    Failure   Level
a - Magic Dart            Conj           100%       1d8       1%          1
b - Searing Ray           Conj           96%        3d7       1%          2
c - Iskenderun's Mystic   Conj/Tloc      46%        2d10      1%          4
d - Blink                 Tloc           N/A        N/A       1%          2
e - Vampiric Draining     Necr           14%        2d8       3%          3
f - Bolt of Magma         Conj/Fire/Erth 29%        4d13      2%          5
g - Ignite Poison         Fire/Tmut/Pois 49%        N/A       1%          3
h - Conjure Flame         Conj/Fire      60%        6-21      1%          3

Your spell library contained the following spells:

 Spells                   Type           Power      Damage    Failure   Level
 Hailstorm                Conj/Ice       30%        3d8       3%          4
 Sandblast                Erth           78%        2d17      1%          1
 Sting                    Tmut/Pois      100%       1d8       1%          1
 Dazzling Flash           Conj/Hex       60%        N/A       1%          3
 Lesser Beckoning         Tloc           22%        N/A       1%          3
 Stone Arrow              Conj/Erth      86%        3d12      1%          3
 Fulminant Prism          Conj/Hex       15%        3d11      3%          4
 Corona                   Hex            12%        N/A       5%          1
 Slow                     Hex            11%        N/A       9%          2
 Manifold Assault         Tloc           44%        N/A       9%          5
 Confusing Touch          Hex            11%        N/A       17%         3
 Summon Ice Beast         Ice/Summ       11%        N/A       50%         4
 Summon Mana Viper        Hex/Summ       11%        N/A       83%         5
 Lehudib's Crystal Spear  Conj/Erth      21%        10d6      99%         8
 Monstrous Menagerie      Summ           5%         N/A       100%        7
 Shatter                  Erth           19%        3d18*     100%        9
 Animate Armour           Summ/Erth      Unusable   N/A       N/A         4

Dungeon Overview and Level Annotations

Branches:
Dungeon (14/15)            Temple (1/1) D:4            Lair (0/6) D:10
    Orc (0/2) D:12          Sewer (visited)         Ossuary (visited)
 Vaults: D:13-14

Altars:
Ashenzari
Cheibriados
Dithmenos
Elyvilon
Fedhas
Gozag
Hepliaklqana
Kikubaaqudgha
Makhleb
Nemelex Xobeh
Okawaru
Qazlal
Ru
Sif Muna
Trog
Uskayaw
Vehumet
Wu Jian
Xom
Yredelemnul
Zin
The Shining One

Annotations:
D:14 3 runed translucent doors, Beatzoeni's ghost, journeyman DrFE; Ytheofip's ghost, journeyman FoFi


Innate Abilities, Weirdness & Mutations

You can breathe blasts of fire.
Your fiery red scales are hard. (AC +8)
You cannot fit into any form of body armour.
Your flesh is heat resistant. (rF+)
You are cold-blooded and may be slowed by cold attacks.
You have a pair of small antennae on your head.
Your large and strong wings let you fly.
You have large cloven feet.


Message History

Confirm with . or Enter, or press ? or * to list all spells.
Aiming: Vampiric Draining (mildly dangerous; 3% risk of failure)
Press: ? - help, Shift-Dir - straight line, f/p - manticore
Aim: a manticore (heavily wounded)
You draw life force from the manticore.
You feel life coursing into your body.
You are engulfed in blazing flames.
You resist. The manticore closely misses you.
The manticore claws you but does no damage.
The manticore claws you.
* * * LOW HITPOINT WARNING * * *
Casting: Vampiric Draining (mildly dangerous; 3% risk of failure)
Confirm with . or Enter, or press ? or * to list all spells.
Aiming: Vampiric Draining (mildly dangerous; 3% risk of failure)
Press: ? - help, Shift-Dir - straight line, f/p - manticore
Aim: a manticore (severely wounded)
You draw life force from the manticore!
You feel life coursing into your body.
You are engulfed in blazing flames.
You resist.
* * * LOW HITPOINT WARNING * * *
The manticore misses you. The manticore claws you!
* * * LOW HITPOINT WARNING * * *
The manticore claws you.
* * * LOW HITPOINT WARNING * * *
You are confused.
You feel invigorated.
You are engulfed in blazing flames.
You resist.
* * * LOW HITPOINT WARNING * * *
The electric eel shoots out a bolt of lightning at you!
The bolt of electricity misses you. The manticore closely misses you.
The manticore misses you.
The manticore claws you but does no damage.
You're too confused to cast spells.
The barbs in your skin will harm you if you move.
Continue?
Okay, then.
You are engulfed in blazing flames.
You resist.
* * * LOW HITPOINT WARNING * * *
The electric eel shoots out a bolt of lightning at you!
The bolt of electricity hits you!
* * * LOW HITPOINT WARNING * * *
The manticore bites you but does no damage.
The manticore claws you.
You die...

######..############.#
.....................#
######################
######################
..)...........<......#
##############....#####
# ##...##§@## ..# #
......#H'#.....
............... #
.....≈≈;≈≈≈.... #
..≈≈≈≈≈≈≈≈≈≈≈≈. #
≈≈≈≈########≈≈≈ # ≈≈≈≈
≈≈≈ # ≈≈≈ ≈≈ # ≈≈


You could see a manticore and an electric eel.

Vanquished Creatures
  Kirke (D:12)
  Fannar (D:12)
  2 boulder beetles
  An ogre mage (D:12)
  3 hydras
  A deep troll earth mage (D:12)
  A death knight (D:12)
  2 centaur warriors
  8 two-headed ogres
  Sonja (D:12)
  5 skeletal warriors (D:13)
  Pikel (D:7)
  4 ugly things
  2 cyclopes (D:13)
  A manticore (D:11)
  2 gargoyles
  A komodo dragon (D:13)
  Psyche (D:8)
  4 kobold demonologists
  7 trolls
  Grinder (D:6)
  9 slime creatures
  2 water elementals (D:14)
  Sigmund (D:5)
  A wraith (D:11)
  9 yaks
  3 shadows
  4 hogs (D:12)
  A basilisk (D:13)
  A vampire (D:11)
  A human (D:12)
  Grum (D:8)
  5 vampire mosquitoes
  4 wargs (D:12)
  An acid dragon (D:13)
  2 water moccasins
  4 black bears
  A sky beast (D:7)
  3 orc warriors
  3 ice beasts
  2 necrophages
  5 ogres
  A tengu (shapeshifter) (D:14)
  5 wolves
  5 centaurs
  3 lemures (D:7)
  A phantom (D:6)
  2 elf zombies (Ossuary)
  A bullfrog (D:8)
  7 kobold brigands
  3 scorpions (D:5)
  A gnoll sergeant (D:11)
  A wyvern skeleton (D:7)
  A water moccasin skeleton (D:4)
  3 howler monkeys
  9 wights
  An electric eel (D:8)
  A vampire bat (D:8)
  8 centaur zombies
  A bullfrog zombie (D:5)
  8 hounds
  A human zombie (Ossuary)
  A gnoll shaman (D:4)
  A bullfrog skeleton (D:4)
  5 orc priests
  3 iguanas
  Natasha (thrice) (D:4)
  12 orc wizards
  A killer bee zombie (D:7)
  A hound zombie (Ossuary)
  3 mummies (Ossuary)
  A howler monkey zombie (D:9)
  9 gnolls
  A howler monkey skeleton (D:7)
  10 adders
  7 river rats (Sewer)
  A shadow imp (D:6)
  4 white imps
  5 adder zombies
  A worm (D:4)
  32 orcs
  6 bats
  2 bat skeletons (D:8)
  5 bat zombies (D:8)
  5 endoplasms
  A giant cockroach (D:3)
  A gnoll zombie (Ossuary)
  9 goblins
  4 hobgoblins
  4 jackals
  31 kobolds
  A quokka (D:4)
  8 ball pythons
  7 frilled lizards
  3 goblin zombies (Ossuary)
  3 hobgoblin zombies (Ossuary)
  4 jackal zombies (Ossuary)
  4 kobold zombies (Ossuary)
  An orc zombie (Ossuary)
  A quokka zombie (Ossuary)
  22 rats
  4 rat zombies (Ossuary)
403 creatures vanquished.

Vanquished Creatures (others)
  4 orcs
  13 plants (D:14)
  6 withered plants (D:14)
23 creatures vanquished.

Grand Total: 426 creatures vanquished

Notes
Turn   | Place    | Note
-------+----------+-------------------------------------------
     0 | D:1      | hawla the Draconian Conjurer began the quest for the Orb.
     0 | D:1      | Reached XP level 1. HP: 14/14 MP: 3/3
   352 | D:1      | Reached XP level 2. HP: 18/20 MP: 0/5
   363 | D:1      | Learned a level 2 spell: Searing Ray
   465 | D:1      | Reached skill level 1 in Translocations
  1188 | D:2      | Reached XP level 3. HP: 26/26 MP: 3/6
  1290 | D:2      | Found a faded altar of an unknown god.
  2169 | D:3      | Reached XP level 4. HP: 33/33 MP: 3/8
  2176 | D:3      | Learned a level 4 spell: Iskenderun's Mystic Blast
  2354 | D:3      | Found a glowing drain.
  2364 | Sewer    | Entered a sewer
  3198 | Sewer    | Reached XP level 5. HP: 21/38 MP: 2/9
  3570 | Sewer    | Reached skill level 5 in Conjurations
  3711 | Sewer    | Reached XP level 6. HP: 13/57 MP: 1/15
  3812 | Sewer    | Your scales start taking on a fiery red colour.
  3812 | Sewer    | Reached XP level 7. HP: 19/63 MP: 11/16
  3812 | Sewer    | Gained mutation: Your flesh is heat resistant. (rF+) [Red
                  | Draconian growth]
  5393 | D:4      | Noticed Natasha
  5397 | D:4      | Killed Natasha
  5413 | D:5      | Entered Level 5 of the Dungeon
  5544 | D:5      | Reached XP level 8. HP: 33/71 MP: 0/18
  6144 | D:4      | Noticed Natasha
  6147 | D:4      | Killed Natasha
  6232 | D:4      | Noticed Natasha
  6234 | D:4      | Found a staircase to the Ecumenical Temple.
  6235 | D:4      | Killed Natasha
  6248 | Temple   | Entered the Ecumenical Temple
  6406 | Temple   | Became a worshipper of Vehumet
  6789 | D:5      | Reached skill level 1 in Throwing
  6839 | D:5      | Found a glowing golden altar of the Shining One.
  6844 | D:5      | Reached skill level 1 in Short Blades
  6912 | D:5      | Noticed Sigmund
  6937 | D:5      | Killed Sigmund
  7287 | D:5      | Learned a level 2 spell: Blink
  7343 | D:5      | Learned a level 3 spell: Vampiric Draining
  7370 | D:5      | Found a shimmering blue altar of Sif Muna.
  7380 | D:5      | Got Sif Muna's Incunabulum of Transmigration
  7382 | D:5      | Got Sif Muna's Disquisition on Execration
  7385 | D:5      | Got Sif Muna's Guide on Clay
  7532 | D:5      | Identified a scroll of acquirement
  7532 | D:5      | Acquired 349 gold pieces
  7756 | D:6      | Noticed a two-headed ogre
  7977 | D:6      | Reached XP level 9. HP: 75/77 MP: 3/20
  8128 | D:6      | Killed a two-headed ogre
  8568 | D:6      | Found a stormy altar of Qazlal.
  8568 | D:6      | Noticed Grinder
  8578 | D:6      | Killed Grinder
  8579 | D:6      | Reached skill level 1 in Fire Magic
  8579 | D:6      | Reached skill level 1 in Earth Magic
  8972 | D:7      | Noticed Pikel
  9000 | D:7      | Killed Pikel
  9000 | D:7      | Reached * piety under Vehumet
  9000 | D:7      | Offered knowledge of Shock by Vehumet.
  9007 | D:7      | Learned a level 5 spell: Bolt of Magma
  9480 | D:7      | Reached XP level 10. HP: 77/84 MP: 21/21
  9853 | D:7      | Reached skill level 5 in Fire Magic
 10105 | D:7      | Found an opulent altar of Gozag.
 10106 | D:7      | Found a sparkling altar of Nemelex Xobeh.
 10240 | D:8      | Offered knowledge of Poisonous Vapours by Vehumet.
 10243 | D:8      | Reached skill level 1 in Evocations
 10344 | D:8      | Found a sand-covered staircase.
 10349 | Ossuary  | Entered an ossuary
 10366 | Ossuary  | Reached ** piety under Vehumet
 10760 | Ossuary  | Reached skill level 1 in Staves
 10852 | Ossuary  | Offered knowledge of Ignite Poison by Vehumet.
 10857 | Ossuary  | Learned a level 3 spell: Ignite Poison
 11070 | D:8      | Noticed Psyche
 11074 | D:8      | Killed Psyche
 11109 | D:8      | Reached *** piety under Vehumet
 11274 | D:8      | Reached skill level 5 in Earth Magic
 11462 | D:8      | Noticed Grum
 11471 | D:8      | Reached skill level 1 in Transmutations
 11471 | D:8      | Reached skill level 1 in Poison Magic
 11471 | D:8      | Killed Grum
 11588 | D:8      | Found a white marble altar of Elyvilon.
 11691 | D:8      | Found a sacrificial altar of Ru.
 11943 | D:8      | Offered knowledge of Frozen Ramparts by Vehumet.
 11954 | D:8      | Found an ancient bone altar of Kikubaaqudgha.
 12233 | D:9      | Noticed a soul eater
 12375 | D:9      | Reached skill level 2 in Staves
 12645 | D:9      | Found a hazy altar of Hepliaklqana.
 12702 | D:9      | Reached XP level 11. HP: 91/91 MP: 22/22
 13188 | D:10     | Entered Level 10 of the Dungeon
 13332 | D:10     | Reached **** piety under Vehumet
 13333 | D:10     | Reached skill level 3 in Staves
 13610 | D:10     | Offered knowledge of Conjure Flame by Vehumet.
 13616 | D:10     | Learned a level 3 spell: Conjure Flame
 13708 | D:10     | Found a staircase to the Lair.
 13785 | D:10     | Noticed a two-headed ogre
 13792 | D:10     | Killed a two-headed ogre
 13793 | D:10     | Reached skill level 4 in Staves
 13951 | D:10     | Found a burning altar of Makhleb.
 13983 | D:10     | Found an iron altar of Okawaru.
 14260 | D:11     | Noticed a two-headed ogre
 14280 | D:11     | Killed a two-headed ogre
 14522 | D:11     | Noticed a boulder beetle
 15016 | D:11     | Reached skill level 5 in Staves
 15530 | D:12     | Noticed a brown ugly thing
 15541 | D:11     | Killed a brown ugly thing
 15585 | D:11     | Reached skill level 1 in Shields
 15709 | D:12     | Noticed a cyan ugly thing
 15710 | D:12     | Noticed Fannar
 16434 | D:12     | Noticed a five-headed hydra
 16445 | D:12     | Killed a five-headed hydra
 16446 | D:12     | Reached skill level 6 in Staves
 16490 | D:12     | Noticed Sonja
 16492 | D:12     | Reached XP level 12. HP: 94/97 MP: 7/24
 16531 | D:12     | Noticed an ogre mage
 16531 | D:12     | Noticed a two-headed ogre
 16531 | D:12     | Noticed a two-headed ogre
 16624 | D:12     | Noticed a two-headed ogre
 16624 | D:12     | Noticed a two-headed ogre
 16782 | D:12     | Noticed a two-headed ogre
 16782 | D:12     | Noticed a death knight
 16784 | D:12     | Killed Sonja
 16785 | D:12     | Reached ***** piety under Vehumet
 16874 | D:12     | Noticed Kirke
 17028 | D:12     | Killed Kirke
 17029 | D:12     | Reached skill level 7 in Staves
 17074 | D:12     | Killed a two-headed ogre
 17075 | D:12     | Reached skill level 5 in Throwing
 17106 | D:12     | Killed Fannar
 17200 | D:11     | Killed a boulder beetle
 17496 | D:12     | Killed a two-headed ogre
 17496 | D:12     | Killed a two-headed ogre
 17539 | D:12     | Killed a two-headed ogre
 17540 | D:12     | Reached skill level 8 in Staves
 17758 | D:12     | Killed a two-headed ogre
 17758 | D:12     | Offered knowledge of Hailstorm by Vehumet.
 17942 | D:12     | Paralysed by an ogre mage for 2 turns
 18404 | D:12     | Killed a death knight
 18476 | D:12     | Killed an ogre mage
 18534 | D:12     | Found a staircase to the Orcish Mines.
 18868 | D:12     | Noticed a deep troll earth mage
 18878 | D:12     | Killed a deep troll earth mage
 19119 | D:13     | Noticed a boulder beetle
 19134 | D:13     | Killed a boulder beetle
 19135 | D:13     | Reached XP level 13. HP: 104/104 MP: 15/26
 19624 | D:13     | Reached skill level 9 in Staves
 19662 | D:13     | Reached skill level 10 in Spellcasting
 19979 | D:13     | Reached skill level 10 in Staves
 20137 | D:13     | Gained mutation: You are dopey. (Int -2) [a shining eye]
 20148 | D:13     | Lost mutation: You are dopey. (Int -2) [potion of mutation]
 20148 | D:13     | Gained mutation: Your large and strong wings let you fly.
                  | [potion of mutation]
 20148 | D:13     | Gained mutation: You have large cloven feet. [potion of
                  | mutation]
 20148 | D:13     | Gained mutation: You have a pair of small antennae on your
                  | head. [potion of mutation]
 20619 | D:14     | Reached skill level 11 in Staves
 21403 | D:14     | Noticed Beatzoeni's ghost (journeyman DrFE)
 21403 | D:14     | Noticed Ytheofip's ghost (journeyman FoFi)
 21404 | D:14     | Found a runed translucent gate.
 21404 | D:14     | Found a runed translucent gate.
 21404 | D:14     | Found a runed translucent gate.
 21674 | D:14     | HP: 5/104 [electric eel/bolt of electricity (11)]
 21674 | D:14     | Slain by a manticore

Illustrated notes

Levels and vault maps discovered:
D:1:      dpeg_arrival_yet_another_circle, layout_basic, minmay_misc_feat_x,
          kennysheep_another_room
D:2:      layout_loops_ring, hellmonk_ecumenical_altar_pennies_from_heaven
D:3:      layout_basic, cheibrodos_sewer_entry_drain
D:4:      layout_gridville, temple_pool_b, uniq_natasha
D:5:      layout_cave_pools, nicolae_sif_muna_little_library,
          mainiacjoe_overflow_cross_hatched, uniq_sigmund
D:6:      layout_gridville, nicolae_qazlal_eye_of_the_storm, uniq_grinder
D:7:      minmay_clustersquares, layout_cave_pools,
          grunt_temple_overflow_opulence, uniq_pikel
D:8:      layout_loops_ring, mainiacjoe_overflow_surrounded_room,
          nicolae_ru_sacrificial_ziggurat, kennysheep_vampire_church,
          enter_ossuary_5, nrook_campfire, glass_columns_a,
          amcnicky_mini_pool_medium, uniq_grum, uniq_psyche
D:9:      layout_long_grid, kennysheep_mini
D:10:     layout_loops_cross, mainiacjoe_overflow_two_lobes, erik_lair_island,
          grunt_decor_cap
D:11:     layout_loops_corners
D:12:     layout_cave_pools, minmay_orc_entry_guard_dogs,
          kennysheep_just_a_vault, uniq_sonja, uniq_fannar, uniq_kirke
D:13:     layout_loops_ring, minmay_joined_circles
D:14:     cross_vault, layout_long_grid, grunt_vaults_entry_fortified,
          gammafunk_ghost_cemetery, serial_bayou_ford_a, minmay_misc_feat_room
Temple:   jpeg_temple_clearing

Skill      XL: |  1  2  3  4  5  6  7  8  9 10 11 12 13 |
---------------+----------------------------------------+-----
Translocations | 1 2 6 7 |  7.1
Spellcasting   | 3 6 7 8 9 10 | 10.0
Conjurations   | 7 8 |  8.1
Fighting       | 6 |  6.7
Dodging        | 2 3 4 |  4.0
Stealth        | 2 |  2.6
Throwing       | 1 2 3 6 |  6.0
Short Blades   | 1 |  1.5
Necromancy     | 4 |  4.0
Fire Magic     | 3 6 |  6.0
Earth Magic    | 3 5 6 |  6.0
Evocations     | 2 |  2.0
Staves         | 2 6 8 11 | 11.4
Transmutations | 2 4 |  4.0
Poison Magic   | 2 4 |  4.0
Shields        | 2 4 |  4.0
Polearms       | |  0.6

Action                   |  1- 3 |  4- 6 |  7- 9 | 10-12 | 13-15 || total
-------------------------+-------+-------+-------+-------+-------++-------
Melee: Mace              |    26 |       |       |       |       ||    26
       Tailslap          |     2 |     7 |    17 |    45 |     2 ||    73
       Spear             |     1 |    62 |     2 |       |       ||    65
       Short sword       |       |       |   168 |    16 |       ||   184
       Staff             |       |       |       |   310 |    15 ||   325
       Unarmed           |       |       |       |     3 |       ||     3
Throw: Dart              |       |    10 |    14 |    70 |    26 ||   120
 Cast: Magic Dart        |    18 |    21 |    10 |     6 |       ||    55
       Searing Ray       |    19 |    14 |    38 |    67 |    11 ||   149
       Iskenderun's Myst |       |     3 |    35 |   163 |    43 ||   244
       Blink             |       |       |     4 |     8 |     4 ||    16
       Vampiric Draining |       |       |     1 |     3 |    14 ||    18
       Bolt of Magma     |       |       |       |    28 |    10 ||    38
       Ignite Poison     |       |       |       |    10 |     5 ||    15
       Conjure Flame     |       |       |       |       |     6 ||     6
 Abil: Breathe Fire      |       |       |     1 |     1 |     4 ||     6
Evoke: Wand              |       |       |     1 |       |     1 ||     2
  Use: Scroll            |     2 |     6 |    13 |    13 |     3 ||    37
       Potion            |       |     7 |     1 |     3 |     5 ||    16
 Stab: Invisible         |       |     2 |       |       |       ||     2
       Sleeping          |       |       |     3 |     2 |       ||     5
Armor: Skin              |    17 |    27 |   100 |   325 |    43 ||   512
Dodge: Dodged            |    29 |    83 |   155 |   365 |    41 ||   673
Block: Buckler           |       |       |       |     5 |    12 ||    17
